 Dungeon Crawl Stone Soup version 0.24.1-8-ga250c9d538 (webtiles) character file.

Game seed: 7155925141892694599, levelgen mode: deterministic

14639 Gwenloh the Spear-Bearer (level 12, -3/89 HPs)
             Began as a Merfolk Skald on May 8, 2020.
             Was a High Priest of Okawaru.
             Slain by Rupert
             ... wielding a +1 battleaxe of chopping
              (41 damage)
             ... on level 4 of the Lair of Beasts.
             The game lasted 01:06:18 (17962 turns).

Gwenloh the Spear-Bearer (Merfolk Skald)           Turns: 17962, Time: 01:06:19

Health: -3/89      AC: 16    Str: 11    XL:     12   Next: 18%
Magic:  11/21      EV: 19    Int: 16    God:    Okawaru [*****.]
Gold:   653        SH:  0    Dex: 15    Spells: 7/23 levels left

rFire    x . .     SeeInvis .   a - +3 trident
rCold    + . .     Gourm    .   (no shield)
rNeg     . . .     Faith    .   b - +1 leather armour
rPois    .         Spirit   .   o - +0 helmet
rElec    .         Reflect  .   N - scarf {repulsion}
rCorr    .         Harm     .   k - +0 pair of gloves
MR       .....                  l - +0 pair of boots
Stlth    +.........             L - amulet of the acrobat
HPRegen  0.24/turn              H - ring of ice
MPRegen  0.17/turn              R - +2 ring of protection

@: icy armour, about to teleport, very slightly contaminated, repel missiles
A: change form in water, swift swim, stealthy swim
a: Heroism, Finesse, Renounce Religion


You were on level 4 of the Lair of Beasts.
You worshipped Okawaru.
Okawaru was extremely pleased with you.
You were not hungry.

You visited 3 branches of the dungeon, and saw 13 of its levels.

You collected 653 gold pieces.

Inventory:

Hand Weapons
 a - a +3 trident (weapon)
 G - a +1 spear of pain
Missiles
 c - 483 stones
 e - 7 curare-tipped darts
 q - 12 atropa-tipped darts
 y - 37 poisoned darts
 C - 2 boomerangs (quivered)
Armour
 b - a +1 leather armour (worn)
 k - a +0 pair of gloves (worn)
 l - a +0 pair of boots (worn)
 o - a +0 helmet (worn)
 N - a scarf of repulsion (worn)
Jewellery
 E - an uncursed ring of protection from magic
 F - an uncursed ring of protection from cold
 H - a ring of ice (left hand)
 L - an amulet of the acrobat (around neck)
 R - a +2 ring of protection (right hand)
Wands
 u - a wand of disintegration (8)
 M - a wand of digging (1)
 Q - a wand of polymorph (14)
Scrolls
 g - 3 scrolls of amnesia
 j - 4 scrolls of teleportation
 p - 3 scrolls of remove curse
 s - 3 scrolls of noise
 x - 2 scrolls of fear
 B - 2 scrolls of magic mapping
 O - a scroll of fog {unknown}
Potions
 f - a potion of degeneration {unknown}
 h - a potion of cancellation {unknown}
 i - a potion of magic {unknown}
 m - a potion of haste
 n - 6 potions of curing
 r - a potion of might
 t - 5 potions of flight {unknown}
 v - a potion of invisibility
 w - a potion of heal wounds {unknown}
 z - a potion of ambrosia {unknown}
 A - a potion of berserk rage {unknown}
 D - 3 potions of lignification {unknown}
 I - a potion of agility {unknown}
 K - a potion of brilliance {unknown}
Comestibles
 d - 13 rations
 J - 9 chunks of flesh


   Skills:
 + Level 6.8 Fighting
 * Level 12.0 Polearms
 + Level 4.7 Throwing
 - Level 0.6 Armour
 * Level 11.7 Dodging
 + Level 6.0 Spellcasting
 - Level 5.9 Hexes
 * Level 10.2 Charms
 - Level 2.5 Translocations
 + Level 2.3 Invocations


You had 7 spell levels left.
You knew the following spells:

 Your Spells              Type           Power        Failure   Level  Hunger
a - Spectral Weapon       Hex/Chrm       ####....     1%          3    ##.....
b - Ozocubu's Armour      Chrm/Ice       ####....     7%          3    ##.....
c - Shroud of Golubria    Chrm/Tloc      ####..       1%          2    #......
d - Blink                 Tloc           N/A          10%         2    #......
e - Infusion              Chrm           ####         1%          1    None
f - Regeneration          Chrm/Necr      ###.......   7%          3    ##.....
g - Song of Slaying       Chrm           #####...     1%          2    #......

Your spell library contained the following spells:

 Spells                   Type           Power        Failure   Level  Hunger
 Confusing Touch          Hex            ###...       1%          1    None
 Slow                     Hex            ###.....     2%          2    #......
 Confuse                  Hex            ###.....     4%          3    ##.....
 Inner Flame              Hex/Fire       ##......     16%         3    ##.....
 Summon Guardian Golem    Hex/Summ       ##......     16%         3    ##.....
 Animate Skeleton         Necr           N/A          19%         1    None
 Beastly Appendage        Tmut           #.....       19%         1    None
 Flame Tongue             Conj/Fire      #....        19%         1    None
 Freeze                   Ice            #...         19%         1    None
 Magic Dart               Conj           #...         19%         1    None
 Pain                     Necr           #...         19%         1    None
 Summon Small Mammal      Summ           #...         19%         1    None
 Gell's Gravitas          Tloc           ##........   19%         3    ##.....
 Call Imp                 Summ           #.......     26%         2    #......
 Sticks to Snakes         Tmut           #.......     26%         2    #......
 Throw Flame              Conj/Fire      #.....       26%         2    #......
 Throw Frost              Conj/Ice       #.....       26%         2    #......
 Recall                   Summ/Tloc      N/A          32%         3    ##.....
 Call Canine Familiar     Summ           #.......     47%         3    ##.....
 Conjure Flame            Conj/Fire      #.......     47%         3    ##.....
 Mephitic Cloud           Conj/Pois/Air  #.......     47%         3    ##.....
 Spider Form              Tmut/Pois      #.........   47%         3    ##.....
 Vampiric Draining        Necr           #.........   47%         3    ##.....
 Metabolic Englaciation   Hex/Ice        ###.......   82%         5    ######.
 Yara's Violent Unravell  Hex/Tmut       ##........   82%         5    ######.
 Animate Dead             Necr           N/A          87%         4    ####...
 Ice Form                 Ice/Tmut       #.......     87%         4    ####...
 Petrify                  Tmut/Erth      #.......     87%         4    ####...
 Sticky Flame             Conj/Fire      #.......     87%         4    ####...
 Summon Ice Beast         Ice/Summ       #.......     87%         4    ####...
 Summon Lightning Spire   Summ/Air       #.......     87%         4    ####...
 Throw Icicle             Conj/Ice       #.......     87%         4    ####...
 Blade Hands              Tmut           #.........   99%         5    ######.
 Borgnjor's Vile Clutch   Necr/Erth      #.........   99%         5    ######.
 Fireball                 Conj/Fire      #.........   99%         5    ######.
 Death Channel            Necr           #.........   100%        6    #######
 Simulacrum               Ice/Necr       #.........   100%        6    #######


Dungeon Overview and Level Annotations

Branches:
Dungeon (8/15)             Temple (1/1) D:5            Lair (4/6) D:8
  Swamp: Lair:2-4    Shoals: Lair:2-4     Snake: Lair:2-4    Spider: Lair:2-4

Altars:
Ashenzari
Cheibriados
Dithmenos
Fedhas
Gozag
Hepliaklqana
Kikubaaqudgha
Makhleb
Nemelex Xobeh
Okawaru
Qazlal
Ru
Sif Muna
Trog
Uskayaw
Vehumet
Wu Jian
Xom
Yredelemnul

Annotations:
D:7 3 runed translucent doors, harkrass's ghost, novice MiFi
Lair:1 exclusion: 2 oklob plants
Lair:4 Rupert


Message History

Your spectral weapon shares its damage with you! x2
As you read the scroll of teleportation, it crumbles to dust.
You feel strangely unstable.
You hit Rupert.
Rupert is lightly wounded.
Your spectral weapon hits Rupert!
Rupert roars madly and goes into a rage!
Rupert goes berserk!
You hit Rupert.
Rupert is moderately wounded.
Your spectral weapon closely misses Rupert.
Rupert hits you with a +1 battleaxe of chopping!
Rupert hits your spectral weapon with a +1 battleaxe of chopping!
Your spectral weapon shares its damage with you!
Your spectral weapon fades away.
Casting: Spectral Weapon (safe; 1% risk of failure)
Confirm with . or Enter, or press ? or * to list all spells.
You feel a surge of power! A film of ice covers your body!
Rupert hits you with a +1 battleaxe of chopping!!!
You die...

P..#.#.# [.....#
.....# ....# ....
# ..# .. #P #.#
#..... #P.# ###@##
+..... #P...#..@.#
#..... .......#.##
...... ##......'.#
.......#.....###.#
............. #..#
.......P#... ##.#
#.......#..#####.#
.........#..#.#..#
.................#


You could see Rupert (berserk).

Vanquished Creatures
  2 hydras (Lair:4)
  Erica (Lair:1)
  Pikel (D:7)
  2 black mambas (Lair:2)
  9 spiny frogs
  4 komodo dragons
  A polar bear (Lair:4)
  A tyrant leech (Lair:4)
  A hippogriff (D:6)
  Prince Ribbit (D:7)
  Sigmund (D:3)
  6 yaks
  5 basilisks
  2 wyverns
  7 water moccasins
  4 porcupines
  2 orc warriors
  A black bear (D:8)
  A sky beast (D:7)
  2 ogres
  3 centaurs (D:6)
  9 crocodiles
  12 bullfrogs
  A big kobold (D:7)
  A wyvern skeleton (D:8)
  2 scorpions
  4 wights
  3 killer bees (D:8)
  A vampire bat (Lair:4)
  A bullfrog zombie (D:7)
  5 crimson imps
  5 hounds
  3 jellies
  3 orc priests (D:6)
  13 orc wizards
  A centaur skeleton (D:5)
  2 iguanas (D:6)
  4 worker ants
  Robin (D:2)
  A worker ant zombie (D:6)
  10 adders
  3 oozes
  2 adder zombies
  5 worms
  2 dart slugs
  2 leopard geckos
  33 orcs
  A ball python (D:1)
  4 giant cockroaches
  23 goblins
  15 hobgoblins
  3 jackals
  9 kobolds
  3 quokkas
  20 bats
  6 frilled lizards
  A leopard gecko skeleton (D:4)
  A leopard gecko zombie (D:5)
  A quokka zombie (D:8)
  10 rats
283 creatures vanquished.

Vanquished Creatures (others)
  2 slaves (D:7)
  An orc wizard (D:7)
  An orc priest (D:7)
  4 orcs (D:7)
  2 kobolds (D:7)
  A quokka (D:7)
  A fungus (Lair:1)
  5 plants
  8 spectral weapons
25 creatures vanquished.

Grand Total: 308 creatures vanquished

Notes
Turn   | Place    | Note
-------+----------+-------------------------------------------
     0 | D:1      | Gwenloh the Merfolk Skald began the quest for the Orb.
     0 | D:1      | Reached XP level 1. HP: 16/16 MP: 3/3
   195 | D:1      | Reached XP level 2. HP: 22/23 MP: 5/5
   199 | D:1      | Learned a level 2 spell: Song of Slaying
   202 | D:1      | Learned a level 2 spell: Shroud of Golubria
   562 | D:1      | Reached XP level 3. HP: 21/28 MP: 6/6
  1407 | D:2      | Reached skill level 1 in Translocations
  1781 | D:2      | Reached XP level 4. HP: 34/34 MP: 7/7
  1999 | D:2      | Noticed Robin
  2836 | D:2      | Killed Robin
  2836 | D:2      | Reached XP level 5. HP: 27/39 MP: 5/8
  3199 | D:3      | Noticed Sigmund
  3739 | D:3      | Found a snail-covered altar of Cheibriados.
  3871 | D:3      | Killed Sigmund
  3871 | D:3      | Reached skill level 5 in Dodging
  3871 | D:3      | Reached XP level 6. HP: 24/45 MP: 0/10
  4013 | D:3      | Learned a level 3 spell: Spectral Weapon
  4721 | D:4      | Found an ancient bone altar of Kikubaaqudgha.
  4722 | D:4      | Found a bloodstained altar of Trog.
  4758 | D:4      | Found a stormy altar of Qazlal.
  4776 | D:4      | Reached skill level 5 in Charms
  4885 | D:3      | Reached XP level 7. HP: 36/51 MP: 8/11
  4997 | D:3      | Reached skill level 1 in Hexes
  5432 | D:4      | Reached skill level 4 in Polearms
  5656 | D:5      | Entered Level 5 of the Dungeon
  5685 | D:5      | Found a staircase to the Ecumenical Temple.
  5696 | Temple   | Entered the Ecumenical Temple
  5785 | Temple   | Became a worshipper of Warmaster Okawaru
  5983 | D:5      | Found a hazy altar of Hepliaklqana.
  6233 | D:5      | Found an opulent altar of Gozag.
  6438 | D:6      | Reached XP level 8. HP: 50/58 MP: 6/12
  6461 | D:6      | Reached skill level 5 in Polearms
  6466 | D:6      | Reached * piety under Okawaru
  6684 | D:6      | Reached skill level 6 in Polearms
  7089 | D:6      | Reached ** piety under Okawaru
  7516 | D:6      | Reached XP level 9. HP: 65/65 MP: 5/14
  7789 | D:5      | Found a hide-covered altar of Uskayaw.
  7813 | D:6      | Reached skill level 7 in Polearms
  7919 | D:6      | Learned a level 2 spell: Blink
  7923 | D:6      | Learned a level 3 spell: Regeneration
  8550 | D:6      | Found a shimmering blue altar of Sif Muna.
  8622 | D:6      | Reached *** piety under Okawaru
  8622 | D:6      | Reached skill level 1 in Throwing
  8767 | D:7      | Noticed Pikel
  8776 | D:7      | Killed Pikel
  8776 | D:7      | Reached skill level 8 in Polearms
  9146 | D:7      | Noticed harkrass's ghost (novice MiFi)
  9147 | D:7      | Found a runed translucent gate.
  9147 | D:7      | Found a runed translucent gate.
  9147 | D:7      | Found a runed translucent gate.
  9166 | D:7      | Noticed Prince Ribbit
  9181 | D:7      | Killed Prince Ribbit
  9181 | D:7      | Reached **** piety under Okawaru
  9181 | D:7      | Reached XP level 10. HP: 49/73 MP: 9/16
 10477 | D:8      | Reached skill level 5 in Fighting
 10548 | D:8      | Found a shattered altar of Ashenzari.
 10564 | D:8      | Found a staircase to the Lair.
 11257 | D:8      | Reached skill level 9 in Polearms
 11475 | Lair:1   | Entered Level 1 of the Lair of Beasts
 11547 | Lair:1   | Noticed a spiny frog
 11560 | Lair:1   | Killed a spiny frog
 11560 | Lair:1   | Received a gift from Okawaru
 11560 | Lair:1   | Reached skill level 5 in Hexes
 11582 | Lair:1   | HP: 3/74 [komodo dragon (19)]
 12157 | Lair:1   | Noticed a spiny frog
 12168 | Lair:1   | Killed a spiny frog
 12230 | Lair:1   | Reached skill level 5 in Spellcasting
 12302 | Lair:1   | Reached skill level 10 in Dodging
 12323 | Lair:1   | Reached skill level 10 in Polearms
 12329 | Lair:1   | Reached ***** piety under Okawaru
 12629 | Lair:1   | Reached XP level 11. HP: 66/81 MP: 10/18
 12834 | Lair:1   | Noticed Erica
 12846 | Lair:1   | Killed Erica
 12846 | Lair:1   | Received a gift from Okawaru
 13070 | Lair:1   | Noticed an oklob plant
 13381 | Lair:1   | Noticed an oklob plant
 13723 | Lair:2   | Received a gift from Okawaru
 14421 | Lair:2   | Reached skill level 11 in Polearms
 16551 | Lair:4   | Reached skill level 1 in Invocations
 16623 | Lair:4   | Learned a level 3 spell: Ozocubu's Armour
 16708 | Lair:4   | Noticed a six-headed hydra
 17271 | Lair:4   | Noticed a seven-headed hydra
 17293 | Lair:4   | Killed a seven-headed hydra
 17293 | Lair:4   | Reached skill level 10 in Charms
 17381 | Lair:4   | Reached XP level 12. HP: 89/89 MP: 14/20
 17419 | Lair:4   | Killed a six-headed hydra
 17816 | Lair:4   | Reached skill level 12 in Polearms
 17951 | Lair:4   | Noticed Rupert
 17962 | Lair:4   | Slain by Rupert

Levels and vault maps discovered:
D:1:      dpeg_arrival_windows_large_door, layout_basic
D:2:      layout_basic, first_ration, uniq_robin
D:3:      layout_loops_ring, nicolae_overflow_crystal_walls, minmay_misc_feat_x,
          minmay_tree_intersection, uniq_sigmund
D:4:      layout_rooms, chequers_temple_overflow_statue_of_worship
D:5:      layout_cave_pools, kennysheep_mini, lemuel_round_altar,
          nicolae_overflow_hidden_temple, minmay_temple_entry_hall
D:6:      layout_cave_pools, tgw_sif, minmay_ogre_servants
D:7:      layout_loops_ring, enter_bailey_8, gammafunk_ghost_split, uniq_pikel,
          uniq_prince_ribbit1
D:8:      layout_basic, cheibrodos_ashenzari_chains, lair_entry_dummy,
          minmay_fractal_squares_gapless_5
Temple:   eino_wide_crystal_templ
Lair:1:   layout_regular_city, minmay_lair_oklob_chamber, uniq_erica
Lair:2:   layout_hall_layers
Lair:3:   layout_chaotic_city
Lair:4:   beast_lair_carwin_large_2, layout_regular_city,
          minmay_swamp_entry_worms, guppyfry_snake_entry_island,
          roderic_batcave, uniq_rupert

Skill      XL: |  1  2  3  4  5  6  7  8  9 10 11 12 |
---------------+-------------------------------------+-----
Dodging        | 3 4 5 6 7 8 10 11 | 11.7
Translocations | 1 2 |  2.5
Charms         | 4 5 6 7 8 10 | 10.2
Spellcasting   | 3 4 5 6 |  6.0
Hexes          | 2 3 4 5 |  5.9
Polearms       | 4 6 8 10 11 12 | 12.0
Fighting       | 3 4 5 6 |  6.8
Throwing       | 1 3 4 |  4.7
Invocations    | 1 2 |  2.3
Armour         | |  0.6

Action                   |  1- 3 |  4- 6 |  7- 9 | 10-12 || total
-------------------------+-------+-------+-------+-------++-------
Melee: Spear             |   136 |   104 |       |       ||   240
       Trident           |       |   164 |   336 |   456 ||   956
Throw: Stone             |    74 |    94 |       |     3 ||   171
       Boomerang         |       |    10 |    66 |    74 ||   150
       Dart              |       |       |       |    32 ||    32
 Cast: Infusion          |     2 |     9 |     2 |       ||    13
       Shroud of Golubri |     1 |    11 |    32 |    33 ||    77
       Song of Slaying   |       |     1 |     4 |       ||     5
       Spectral Weapon   |       |       |    24 |    45 ||    69
       Blink             |       |       |       |     2 ||     2
       Ozocubu's Armour  |       |       |       |    13 ||    13
Invok: Heroism           |       |       |       |     1 ||     1
Evoke: Wand              |       |       |       |     8 ||     8
  Use: Potion            |       |     1 |       |     1 ||     2
       Scroll            |       |       |     8 |     9 ||    17
 Stab: Sleeping          |     1 |     1 |     1 |       ||     3
       Distracted        |       |       |     2 |     3 ||     5
  Eat: Chunk             |     3 |     8 |    18 |    22 ||    51
       Ration            |       |     1 |       |     3 ||     4
Armor: Leather armour    |    19 |    41 |    59 |    72 ||   191
Dodge: Dodged            |    58 |   160 |   234 |   326 ||   778
